 Dungeon Crawl Stone Soup version 0.17-a0-737-gf0a300a (webtiles) character file.

1362 Ngotmuk the Chopper (level 8, -10/74 HPs)
             Began as a Deep Dwarf Fighter on May 6, 2015.
             Mangled by Prince Ribbit (12 damage)
             ... on level 5 of the Dungeon.
             The game lasted 00:09:34 (3773 turns).

Ngotmuk the Chopper (Deep Dwarf Fighter)            Turns: 3773, Time: 00:09:34

Health: -10/74     AC: 13    Str: 21    XL:     8   Next: 37%
Magic:  8/8        EV:  8    Int: 10    God:
Gold:   234        SH: 10    Dex: 15    Spells: 0 memorised, 7 levels left

rFire  . . .     SeeInvis .     o - +5 hand axe
rCold  . . .     Clarity  .     b - +0 scale mail
rNeg   . . .     SustAb   .     c - +0 shield
rPois  .         Gourm    .     v - +0 helmet
rElec  .         Spirit   .     (no cloak)
rCorr  .         Warding  .     E - +2 pair of gloves
rMut   .         Stasis   .     B - +0 pair of boots
MR     +....                    (no amulet)
Stlth  ..........               h - ring of teleport control
                                w - +3 ring of dexterity

@: non-regenerating, somewhat resistant to hostile enchantments, extremely
unstealthy
A: damage resistance, recharge devices, sense surroundings 1, slow healing 3
a: Device Recharging, Evoke Teleport Control


You were on level 5 of the Dungeon.
You were full.

You visited 1 branch of the dungeon, and saw 5 of its levels.
You also visited: Sewer.

You collected 234 gold pieces.

Inventory:

Hand weapons
 o - a +5 hand axe (weapon)
Missiles
 x - 3 silver tomahawks (quivered)
Armour
 b - a +0 scale mail (worn)
 c - a +0 shield (worn)
 v - a +0 helmet (worn)
 B - a +0 pair of boots (worn)
 E - a +2 pair of gloves (worn)
Rods
 y - a +0 iron rod (11/11)
   (You found it on level 4 of the Dungeon)
Jewellery
 h - a ring of teleport control (right hand)
 l - an uncursed ring of positive energy
 w - a +3 ring of dexterity (left hand)
Magical devices
 a - a wand of flame (12)
 e - a wand of heal wounds (0)
 C - a wand of enslavement (5)
 D - a wand of random effects (5)
 F - a wand of enslavement (2)
Scrolls
 n - a scroll of teleportation
 r - a scroll of amnesia
 t - 2 scrolls of magic mapping
 z - a scroll of immolation
 A - 3 scrolls of fear
Potions
 d - a potion of might
 i - a potion of curing
 j - 3 potions of heal wounds
 k - 2 potions of restore abilities
 p - a potion of invisibility
 q - a potion of lignification
 u - 3 potions of brilliance
 G - 2 potions of magic
 H - a potion of poison
 I - a potion of cancellation {unknown}
Comestibles
 f - 4 bread rations
 g - 2 meat rations
 m - 6 fruits
 s - 2 royal jellies


   Skills:
 + Level 5.1 Fighting
 * Level 7.2 Axes
 + Level 6.0 Armour
 + Level 6.1 Shields


You had 7 spell levels left.
You didn't know any spells.

Dungeon Overview and Level Annotations

Branches:
Dungeon (5/15)
 Temple: D:4-7

Altars:
Gozag
Kikubaaqudgha
Makhleb
Nemelex Xobeh
Sif Muna
Yredelemnul

Annotations:
D:5 Prince Ribbit


Innate Abilities, Weirdness & Mutations

You are resistant to damage.
You can recharge devices by infusing magical energy.
You passively map a small area around you.
You do not heal naturally.


Message History

Prince Ribbit momentarily phases out as your attack passes through him.
Prince Ribbit is moderately wounded.
Prince Ribbit hits you but does no damage.
You block Prince Ribbit's attack.
Prince Ribbit momentarily phases out as your attack passes through him.
Prince Ribbit is moderately wounded.
Prince Ribbit hits you.
* * * LOW HITPOINT WARNING * * *
You hit Prince Ribbit.
Prince Ribbit is heavily wounded.
Prince Ribbit blinks!
Prince Ribbit barely misses you. You block Prince Ribbit's attack.
Prince Ribbit momentarily phases out as your attack passes through him.
Prince Ribbit is moderately wounded.
Prince Ribbit hits you.
* * * LOW HITPOINT WARNING * * *
You hit Prince Ribbit.
Prince Ribbit is heavily wounded.
You block Prince Ribbit's attack. Prince Ribbit hits you!
You die...

#####################
#..F..#...#.......'..
#...@.'...+....>..#..
#....###..####...###+
#....###..####...##..
#...........#.....'..
#>..........'.....#..
#....##+######...##..
###+##*, ,*#...###' ,
,,.....#... , ,
.......#...


You could see Prince Ribbit.

Vanquished Creatures
  Pikel (D:5)
  An orc warrior (D:5)
  Sigmund (D:3)
  A crocodile (Sewer)
  A scorpion (D:5)
  An orc wizard (D:3)
  2 worker ants
  Natasha (thrice) (D:4)
  An orc priest (D:3)
  Robin (D:3)
  A worker ant zombie (D:4)
  A river rat (D:3)
  5 adders
  An ooze (D:3)
  2 worms (D:3)
  11 orcs
  7 bats
  7 giant cockroaches
  15 goblins
  14 hobgoblins
  2 quokkas
  A ball python (D:2)
  8 giant geckos
  A giant gecko skeleton (D:4)
  3 giant newts
  6 jackals
  11 kobolds
  10 rats
119 creatures vanquished.

Vanquished Creatures (others)
  2 slaves (D:5)
2 creatures vanquished.

Grand Total: 121 creatures vanquished

Notes
Turn   | Place    | Note
--------------------------------------------------------------
     0 | D:1      | Ngotmuk, the Deep Dwarf Fighter, began the quest for the Orb.
     0 | D:1      | Reached XP level 1. HP: 20/20 MP: 1/1
   177 | D:1      | Reached XP level 2. HP: 22/27 MP: 2/2
   930 | D:2      | Reached XP level 3. HP: 20/34 MP: 3/3
  1242 | D:3      | Noticed Robin
  1251 | D:3      | Killed Robin
  1251 | D:3      | Reached skill level 4 in Shields
  1260 | D:3      | Reached XP level 4. HP: 18/42 MP: 4/4
  1491 | D:3      | Found a basalt altar of Yredelemnul.
  1515 | D:3      | Reached XP level 5. HP: 8/49 MP: 5/5
  1516 | D:3      | Found a deep blue altar of Sif Muna.
  1518 | D:3      | Found a sparkling altar of Nemelex Xobeh.
  1520 | D:3      | Found a burning altar of Makhleb.
  1524 | D:3      | Found an ancient bone altar of Kikubaaqudgha.
  1525 | D:3      | Found an opulent altar of Gozag.
  1774 | D:3      | Found a glowing drain.
  1778 | Sewer    | Entered a sewer
  1838 | Sewer    | Reached XP level 6. HP: 31/57 MP: 6/6
  2101 | D:3      | Noticed Sigmund
  2128 | D:3      | Killed Sigmund
  2409 | D:4      | Noticed Natasha
  2417 | D:4      | Killed Natasha
  2417 | D:4      | Reached skill level 5 in Axes
  2417 | D:4      | Reached skill level 5 in Shields
  2573 | D:4      | Noticed Natasha
  2577 | D:4      | Killed Natasha
  2846 | D:4      | Reached XP level 7. HP: 51/64 MP: 7/7
  3075 | D:4      | Noticed Natasha
  3081 | D:4      | Killed Natasha
  3251 | D:5      | Entered Level 5 of the Dungeon
  3329 | D:5      | Reached skill level 5 in Armour
  3422 | D:5      | Noticed Pikel
  3434 | D:5      | Killed Pikel
  3434 | D:5      | Reached skill level 6 in Axes
  3434 | D:5      | Reached XP level 8. HP: 45/73 MP: 8/8
  3532 | D:5      | Noticed Prince Ribbit
  3669 | D:5      | Reached skill level 5 in Fighting
  3669 | D:5      | Reached skill level 7 in Axes
  3772 | D:5      | HP: 2/74 [Prince Ribbit (2)]
  3773 | D:5      | Mangled by Prince Ribbit

Action                   |  1- 3 |  4- 6 |  7- 9 || total
-------------------------+-------+-------+-------++-------
Melee: War axe           |    44 |       |       ||    44
       Hand axe          |    47 |   185 |   108 ||   340
Evoke: Wand              |       |     4 |     1 ||     5
  Use: Scroll            |       |    13 |       ||    13
       Potion            |       |     3 |       ||     3
  Eat: Meat ration       |     1 |       |     1 ||     2
       Bread ration      |       |       |     1 ||     1
